 Dungeon Crawl Stone Soup version 0.19.5 (webtiles) character file.

95 Zhenya24pyc the Cudgeler (level 4, -8/28 HPs)
             Began as a Gargoyle Fighter on May 4, 2017.
             Killed by divine providence
             ... invoked by an orc priest
              (10 damage)
             ... on level 3 of the Dungeon.
             The game lasted 00:03:01 (1627 turns).

Zhenya24pyc the Cudgeler (Gargoyle Fighter)         Turns: 1627, Time: 00:03:02

Health: -8/28      AC: 11    Str: 21    XL:     4   Next: 65%
Magic:  4/4        EV:  7    Int:  8    God:
Gold:   144        SH:  9    Dex:  9    Spells: 0 memorised, 3 levels left

rFire  . . .     SeeInvis .     a - +0 flail
rCold  . . .     Gourm    .     b - +0 scale mail
rNeg   + . .     Faith    .     c - +0 shield
rPois  ∞         Spirit   .     l - +0 helmet (curse)
rElec  +         Reflect  .     (no cloak)
rCorr  .         Harm     .     (no gloves)
MR     .....                    (no boots)
Stlth  ..........               w - amulet of magic regeneration
                                (no ring)
                                (no ring)

@: no status effects
A: negative energy resistance 1, electricity resistance, unbreathing,
petrification resistance, rot immunity, AC +3
a: no special abilities


You were on level 3 of the Dungeon.
You were not hungry.

You visited 1 branch of the dungeon, and saw 3 of its levels.

You collected 144 gold pieces.

Inventory:

Hand Weapons
 a - a +0 flail (weapon)
Armour
 b - a +0 scale mail (worn)
 c - a +0 shield (worn)
 l - a cursed +0 helmet (worn)
Jewellery
 w - an amulet of magic regeneration (around neck)
Wands
 s - a wand of confusion (20/48)
Scrolls
 e - a scroll of amnesia {unknown}
 g - 2 scrolls of magic mapping {unknown}
 k - a scroll of enchant weapon {unknown}
 o - a scroll of remove curse {unknown}
 r - a scroll of teleportation {unknown}
 t - a scroll of noise {unknown}
 v - 3 scrolls of identify {unknown}
Potions
 d - a potion of might
 h - a potion of mutation {unknown}
 i - 2 potions of curing {unknown}
 j - a potion of haste {unknown}
 m - a potion of heal wounds {unknown}
 n - 2 potions of magic {unknown}
Comestibles
 f - 3 bread rations
 p - 2 slices of pizza
 q - 2 meat rations
 u - 3 chunks of flesh


   Skills:
 - Level 3.2 Fighting
 * Level 4.7 Maces & Flails
 - Level 3.2 Armour
 - Level 3.2 Shields


You had 3 spell levels left.
You didn't know any spells.

Dungeon Overview and Level Annotations

Branches:
Dungeon (3/15)

Altars:
Ashenzari
Sif Muna


Innate Abilities, Weirdness & Mutations

You are resistant to torment.
Your stone body is resilient. (AC +3)
You are immune to poison.
You resist negative energy. (rN+)
You are resistant to electric shocks. (rElec)
You can survive without breathing.
You are immune to petrification.
You are immune to rotting.


Message History

You are too injured to fight recklessly!
You are too injured to fight recklessly!
You are too injured to fight recklessly!
You are too injured to fight recklessly!
You are too injured to fight recklessly!
You are too injured to fight recklessly!
You are too injured to fight recklessly!
You are too injured to fight recklessly!
You are too injured to fight recklessly!
You are too injured to fight recklessly!
You are too injured to fight recklessly!
Your shield prevents you from hitting the orc priest.
The orc priest invokes the aid of Beogh against you.
Pain shoots through your body!
* * * LOW HITPOINT WARNING * * *
You hit the orc priest.
The orc priest is lightly wounded.
The orc priest mumbles some strange prayers to Beogh against you.
Beogh smites you!
You die...

####
#####################.#.
.....oo@(....(........#.
.####################.#.
#..... #.#... #.####
#######..... ..........#
###.....#..#
...........#


You could see an orc priest and an orc.

Vanquished Creatures
  2 adders (D:2)
  An ooze (D:2)
  A worm (D:2)
  A dart slug (D:2)
  3 orcs (D:3)
  2 ball pythons (D:1)
  7 bats
  4 giant cockroaches
  9 goblins
  14 hobgoblins
  4 jackals (D:2)
  A quokka (D:3)
  A frilled lizard (D:1)
  3 kobolds
  5 rats
58 creatures vanquished.

Notes
Turn   | Place    | Note
-------+----------+-------------------------------------------
     0 | D:1      | Zhenya24pyc the Gargoyle Fighter began the quest for the Orb.
     0 | D:1      | Reached XP level 1. HP: 14/14 MP: 1/1
    57 | D:1      | Found a shattered altar of Ashenzari.
    96 | D:1      | Reached XP level 2. HP: 15/19 MP: 2/2
   346 | D:1      | Reached skill level 3 in Maces & Flails
   547 | D:1      | Reached XP level 3. HP: 22/23 MP: 3/3
   824 | D:2      | Reached skill level 4 in Maces & Flails
   855 | D:2      | Found a deep blue altar of Sif Muna.
   887 | D:2      | Reached XP level 4. HP: 26/28 MP: 4/4
  1627 | D:3      | Killed from afar by an orc priest

Skill      XL: |  1  2  3 |
---------------+----------+-----
Maces & Flails | 3 4 |  4.7
Fighting       | |  3.2
Armour         | |  3.2
Shields        | |  3.2

Action                   |  1- 3 |  4- 6 || total
-------------------------+-------+-------++-------
Melee: Flail             |   124 |   116 ||   240
  Eat: Chunk             |       |     3 ||     3
Armor: Scale mail        |    73 |    59 ||   132
Dodge: Dodged            |    47 |    29 ||    76
Block: Shield            |    82 |    61 ||   143
